 Dungeon Crawl Stone Soup version 0.24.0-125-gc4c63601f3 (webtiles) character file.

Game seed: 2294972103045789851, levelgen mode: deterministic

4071 Lemonice the Digger (level 10, -4/66 (67) HPs)
             Began as an Octopode Earth Elementalist on Feb 23, 2020.
             Was a Priest of Cheibriados.
             Slain by a wyvern (19 damage)
             ... on level 9 of the Dungeon.
             The game lasted 00:35:57 (9169 turns).

Lemonice the Digger (Octopode Earth Elementalist)   Turns: 9169, Time: 00:35:58

HP:   -4/66 (67)    AC:  1    Str: 15    XL:     10   Next: 25%
MP:   12/27         EV: 18    Int: 27    God:    Cheibriados [***...]
Gold: 333           SH:  0    Dex: 20    Spells: 5/20 levels left

rFire    . . .     SeeInvis .   q - +4 dagger
rCold    . . .     Gourm    .   (no shield)
rNeg     . . .     Faith    .   (helmet restricted)
rPois    +         Spirit   .   (no amulet)
rElec    .         Reflect  .   k - ring of magical power
rCorr    .         Harm     .   y - ring of poison resistance
MR       .....                  (no ring)
Stlth    ++++......             (no ring)
HPRegen  0.21/turn              (no ring)
MPRegen  0.20/turn              (no ring)
                                (no ring)
                                (no ring)

@: very slightly contaminated, very slow
A: almost no armour, stealthy swim, amphibious, 8 rings, constrict 8, camouflage
1, gelatinous body 1
a: Bend Time, Temporal Distortion, Renounce Religion


You were on level 9 of the Dungeon.
You worshipped Cheibriados.
Cheibriados was most pleased with you.
You were hungry.

You visited 2 branches of the dungeon, and saw 10 of its levels.

You collected 333 gold pieces.

Inventory:

Hand Weapons
 e - a +0 dagger
 g - a +3 short sword
 h - a +0 antimagic dagger
 q - a +4 dagger (weapon)
Missiles
 b - 176 stones (quivered)
 i - 33 boomerangs
Armour
 u - a +0 buckler
 w - a +0 shield
Jewellery
 k - a ring of magical power (left tentacle)
 y - a ring of poison resistance (right tentacle)
Wands
 d - a wand of acid (10)
 x - a wand of iceblast (11)
 E - a wand of flame (17)
Scrolls
 a - 6 scrolls of amnesia {unknown}
 f - 2 scrolls of teleportation {unknown}
 j - 3 scrolls of remove curse {unknown}
 l - 3 scrolls of fear {unknown}
 o - 2 scrolls of fog {unknown}
 s - 4 scrolls of enchant armour {unknown}
 t - 4 scrolls of identify {unknown}
 z - a scroll of blinking {unknown}
 A - a scroll of enchant weapon {unknown}
 F - a scroll of immolation {unknown}
Potions
 m - a potion of ambrosia {unknown}
 n - a potion of lignification {unknown}
 p - 4 potions of curing {unknown}
 r - a potion of haste {unknown}
 v - a potion of cancellation
 B - a potion of flight {unknown}
 C - a potion of heal wounds
 D - 2 potions of invisibility {unknown}
Comestibles
 c - 9 rations


   Skills:
 + Level 5.6 Fighting
 + Level 5.6 Short Blades
 + Level 6.0 Dodging
 - Level 4.0 Stealth
 + Level 5.5 Spellcasting
 + Level 5.4 Transmutations
 * Level 7.3 Earth Magic


You had 5 spell levels left.
You knew the following spells:

 Your Spells              Type           Power        Failure   Level  Hunger
a - Sandblast             Erth           #####.       1%          1    None
b - Passwall              Tmut/Erth      #####...     1%          2    None
c - Stone Arrow           Conj/Erth      ####..       4%          3    None
d - Petrify               Tmut/Erth      #####...     4%          4    ###....
e - Lee's Rapid Deconstr  Erth           #####.....   9%          5    #####..

Your spell library contained the following spells:

 Spells                   Type           Power        Failure   Level  Hunger


Dungeon Overview and Level Annotations

Branches:
Dungeon (9/15)             Temple (1/1) D:6             Orc (0/2) D:9
   Lair: D:8-11

Altars:
Ashenzari
Cheibriados
Dithmenos
Elyvilon
Fedhas
Gozag
Hepliaklqana
Kikubaaqudgha
Makhleb
Nemelex Xobeh
Okawaru
Qazlal
Ru
Sif Muna
Trog
Uskayaw
Vehumet
Wu Jian
Xom
Yredelemnul
Zin
The Shining One

Shops:
D:7 *


Innate Abilities, Weirdness & Mutations

You cannot wear most types of armour.
You are very stealthy in the water. (Stealth+)
You are amphibious.
You can wear up to eight rings at the same time.
You can use your tentacles to constrict eight enemies at once.
Your skin changes colour to match your surroundings (Stealth+).
Your rubbery body absorbs attacks. (AC +1, EV +1)


Message History

You hear a shout!
The wyvern bites you.
* * * LOW HITPOINT WARNING * * *
An orc wizard comes into view. It is wielding a +1 dagger of venom.
The wight closely misses you.
Casting: Lee's Rapid Deconstruction (slightly dangerous; 9% risk of failure)
Confirm with . or Enter, or press ? or * to list all spells.
Aiming: Lee's Rapid Deconstruction (slightly dangerous; 9% risk of failure)
Press: ? - help, Dir - move target cursor A rock wall.
You miscast Lee's Rapid Deconstruction.
You are very lightly contaminated with residual magic.
You feel gritty.
You are feeling hungry.
The wyvern closely misses you.
The orc wizard gestures wildly while chanting.
The orc wizard seems to speed up.
An orc priest comes into view. It is wielding a +0 dagger.
The wyvern bites you!!
You die...

#..#......#
#..#......#
#######..#......#
.........#......+
.........#......###
.........#.........
.......[z#.........
#....@l'..)......
#.....o#.........
#......#...!.....
#......#.........
#......#.........
o......##.........
.o......#.......>".
........#..........


You could see a wyvern, a wight, 2 orc priests and an orc wizard.

Vanquished Creatures
  Pikel (D:6)
  Psyche (D:8)
  A wyvern (D:8)
  A vampire mosquito (D:7)
  Duvessa (D:7)
  A water moccasin (D:8)
  An ice beast (D:8)
  3 orc warriors
  2 phantoms (D:5)
  A black bear (D:6)
  2 centaurs
  An ogre (D:8)
  A necrophage (D:8)
  A crocodile (D:8)
  A big kobold (D:7)
  2 bullfrogs
  Dowan (D:7)
  A scorpion (D:8)
  2 water moccasin skeletons (D:8)
  4 wights
  5 crimson imps
  4 hounds
  3 orc priests
  9 orc wizards
  A centaur skeleton (D:4)
  A bullfrog skeleton (D:8)
  Jessica (D:4)
  7 worker ants
  2 killer bee zombies
  A hound zombie (D:7)
  A hound skeleton (D:7)
  2 worker ant zombies (D:6)
  6 gnolls
  8 adders
  An adder zombie (D:8)
  2 worms (D:2)
  2 dart slugs
  5 leopard geckos
  28 orcs
  A ball python (D:2)
  9 giant cockroaches
  7 hobgoblins
  4 jackals
  15 kobolds
  4 quokkas
  13 bats
  6 frilled lizards
  17 goblins
  2 jackal zombies
  11 rats
207 creatures vanquished.

Vanquished Creatures (others)
  A vampire mosquito (D:7)
  3 slaves (D:7)
  An iguana (D:7)
  An orc (D:7)
6 creatures vanquished.

Grand Total: 213 creatures vanquished

Notes
Turn   | Place    | Note
-------+----------+-------------------------------------------
     0 | D:1      | Lemonice the Octopode Earth Elementalist began the quest
                  | for the Orb.
     0 | D:1      | Reached XP level 1. HP: 11/11 MP: 3/3
   337 | D:1      | Reached XP level 2. HP: 17/17 MP: 5/5
   604 | D:1      | Reached skill level 1 in Short Blades
   644 | D:1      | Reached XP level 3. HP: 20/22 MP: 6/6
   979 | D:2      | Reached skill level 1 in Fighting
  1074 | D:2      | Reached XP level 4. HP: 28/28 MP: 2/7
  1535 | D:2      | Found an ancient bone altar of Kikubaaqudgha.
  1762 | D:2      | Learned a level 2 spell: Passwall
  1766 | D:2      | Learned a level 3 spell: Stone Arrow
  1842 | D:3      | Reached XP level 5. HP: 33/33 MP: 8/8
  2536 | D:3      | Found a basalt altar of Yredelemnul.
  2797 | D:3      | Found a white marble altar of Elyvilon.
  3088 | D:4      | Reached XP level 6. HP: 37/39 MP: 8/10
  3125 | D:4      | You fall into a shaft and drop 2 floors!
  3164 | D:6      | Found a staircase to the Ecumenical Temple.
  3170 | Temple   | Entered the Ecumenical Temple
  3476 | Temple   | Became a worshipper of Cheibriados the Contemplative
  3552 | Temple   | Learned a level 4 spell: Petrify
  3637 | D:6      | Reached skill level 4 in Earth Magic
  3644 | D:6      | Noticed a black bear
  3650 | D:6      | Killed a black bear
  3650 | D:6      | Reached XP level 7. HP: 45/45 MP: 8/11
  3690 | D:5      | Entered Level 5 of the Dungeon
  4261 | D:5      | Reached XP level 8. HP: 30/52 MP: 13/13
  4363 | D:5      | Reached * piety under Cheibriados
  4931 | D:4      | Noticed Jessica
  4938 | D:4      | Killed Jessica
  4940 | D:4      | Found a shimmering blue altar of Sif Muna.
  5425 | D:6      | Reached skill level 5 in Earth Magic
  6190 | D:7      | Reached ** piety under Cheibriados
  6195 | D:7      | Noticed Pikel
  6215 | D:6      | Killed Pikel
  6215 | D:6      | Reached XP level 9. HP: 18/59 MP: 15/15
  6459 | D:6      | Learned a level 5 spell: Lee's Rapid Deconstruction
  6473 | D:7      | Found a shadowy altar of Dithmenos.
  6576 | D:7      | Found a white marble altar of Elyvilon.
  6584 | D:7      | Noticed Duvessa
  6590 | D:7      | Noticed Dowan
  6605 | D:7      | Killed Duvessa
  6605 | D:7      | Reached skill level 5 in Dodging
  6608 | D:7      | Killed Dowan
  6878 | D:7      | Reached skill level 6 in Earth Magic
  7341 | D:7      | Reached skill level 5 in Fighting
  7341 | D:7      | Reached skill level 5 in Spellcasting
  7417 | D:7      | Found Irunefa's General Store.
  7679 | D:8      | Noticed Psyche
  7684 | D:8      | Killed Psyche
  7684 | D:8      | Reached skill level 5 in Short Blades
  7791 | D:8      | Reached skill level 5 in Transmutations
  7816 | D:8      | Reached *** piety under Cheibriados
  8055 | D:8      | Reached XP level 10. HP: 60/66 MP: 17/17
  8114 | D:8      | Reached skill level 7 in Earth Magic
  9151 | D:9      | Found a staircase to the Orcish Mines.
  9169 | D:9      | Slain by a wyvern

Levels and vault maps discovered:
D:1:      minmay_arrival_glassed_features, layout_basic, st_stairs_10
D:2:      layout_loops_ring, lemuel_coloured_pillars_altar, minmay_diced_spiral
D:3:      layout_rooms, marbit_many_paths, lemuel_crystal_altar, first_ration,
          grunt_ministairs_7
D:4:      layout_rooms, tgw_sif
D:5:      layout_loops_ring
D:6:      layout_cave_pods, minmay_temple_entry_drinking_statues
D:7:      layout_cave_pools, nicolae_overflow_crystal_walls, serial_shops, shop,
          minmay_misc_feat_chi, elyvilon_altar_3, uniq_pikel, uniq_duvessa
D:8:      layout_layer_cave, minmay_misc_feat_enclosed, uniq_psyche
D:9:      layout_irregular_city, david_orc_3, the_bakery,
          kennysheep_just_a_vault
Temple:   minmay_temple_bridge_d

Skill      XL: |  1  2  3  4  5  6  7  8  9 10 |
---------------+-------------------------------+-----
Stealth        | 3 4 |  4.0
Short Blades   | 1 2 3 4 5 |  5.6
Fighting       | 1 2 3 4 5 |  5.6
Dodging        | 3 4 5 6 |  6.0
Spellcasting   | 3 4 5 |  5.5
Transmutations | 2 3 4 5 |  5.4
Earth Magic    | 4 5 6 7 |  7.3

Action                   |  1- 3 |  4- 6 |  7- 9 | 10-12 || total
-------------------------+-------+-------+-------+-------++-------
Melee: Dagger            |    19 |   116 |   182 |    34 ||   351
       Unarmed           |     6 |       |       |       ||     6
       Constrict         |    17 |    25 |    51 |     5 ||    98
       Tentacles         |     9 |    14 |    49 |    10 ||    82
       Short sword       |    35 |    10 |       |       ||    45
 Cast: Sandblast         |    11 |    24 |    42 |     1 ||    78
       Petrify           |       |       |    10 |     9 ||    19
       Stone Arrow       |       |       |    11 |       ||    11
       Lee's Rapid Decon |       |       |     8 |     3 ||    11
Evoke: Wand              |       |       |     1 |       ||     1
  Use: Potion            |       |     3 |     4 |       ||     7
 Stab: Sleeping          |     5 |    19 |    12 |     6 ||    42
       Petrified         |       |       |     9 |     4 ||    13
       Distracted        |       |       |     1 |     1 ||     2
       Petrifying        |       |       |       |     4 ||     4
  Eat: Chunk             |       |     6 |     1 |     3 ||    10
       Ration            |       |     1 |     3 |       ||     4
Armor: Skin              |    16 |     7 |    11 |       ||    34
Dodge: Dodged            |    52 |    71 |   124 |    24 ||   271
